 Dungeon Crawl Stone Soup version 0.21.1-1-g345015f (webtiles) character file.

1434 Fortress the Chopper (level 8, -3/117 HPs)
             Began as a Troll Fighter on June 18, 2018.
             Slain by fispok69's ghost (11 damage)
             ... on level 5 of the Dungeon.
             The game lasted 00:36:49 (4426 turns).

Fortress the Chopper (Troll Fighter)                Turns: 4426, Time: 00:36:50

Health: -3/117     AC:  6    Str: 32    XL:     8   Next: 45%
Magic:  7/7        EV: 10    Int:  4    God:
Gold:   219        SH: 10    Dex:  9    Spells: 7/7 levels left

rFire    + . .     SeeInvis .   a - +1 war axe
rCold    + . .     Gourm    +   c - +0 shield
rNeg     . . .     Faith    .   b - +1 robe
rPois    .         Spirit   .   (helmet restricted)
rElec    .         Reflect  .   (no cloak)
rCorr    .         Harm     .   (gloves unavailable)
MR       .....                  (boots unavailable)
Stlth    ..........             (no amulet)
HPRegen  0.69/turn              k - ring of protection from cold
MPRegen  0.10/turn              q - ring of protection from fire

@: mighty, berserking (expiring), very quick
A: large, unfitting armour, claws 3, fast metabolism 3, gourmand, regeneration
1, shaggy fur 1, tough skin 2
a: no special abilities


You were on level 5 of the Dungeon.
You were very full.

You visited 1 branch of the dungeon, and saw 6 of its levels.

You collected 219 gold pieces.

Inventory:

Hand Weapons
 a - a +1 war axe (weapon)
 u - a +1 hunting sling of freezing
 y - a cursed -3 short sword
Missiles
 l - 42 arrows
 n - 12 poisoned needles
 w - 31 stones (quivered)
Armour
 b - a +1 robe (worn)
 c - a +0 shield (worn)
Jewellery
 k - a ring of protection from cold (left claw)
 q - a ring of protection from fire (right claw)
Scrolls
 e - 5 scrolls of remove curse
 h - 5 scrolls of teleportation
 i - a scroll of enchant armour
 j - a scroll of identify
 v - a scroll of enchant weapon
 x - a scroll of magic mapping {unknown}
Potions
 o - a potion of haste {unknown}
 r - a potion of resistance {unknown}
 s - 2 potions of flight
 t - a potion of brilliance {unknown}
Comestibles
 f - 7 rations
 z - 3 chunks of flesh


   Skills:
 + Level 4.0 Fighting
 + Level 6.0 Axes
 + Level 4.6 Dodging
 + Level 4.7 Shields


You had 7 spell levels left.
You didn't know any spells.

Dungeon Overview and Level Annotations

Branches:
Dungeon (6/15)
 Temple: D:4-7

Altars:
Dithmenos
Nemelex Xobeh
Trog
Zin

Annotations:
D:4 exclusion: downstairs
D:5 fispok69's ghost, novice GnWn


Innate Abilities, Weirdness & Mutations

You are too large for most types of armour.
You have claws for hands.
Your metabolism is lightning-fast.
You like to eat raw meat.
Your natural rate of healing is unusually fast.
You are covered in fur. (AC +1)
You have very tough skin. (AC +2)


Message History

Fispok69's ghost is moderately damaged.
Something hits the crimson imp.
You block fispok69's ghost's attack.
You closely miss fispok69's ghost.
Fispok69's ghost is moderately damaged.
Fispok69's ghost hits you.
* * * LOW HITPOINT WARNING * * *
You miss fispok69's ghost.
Fispok69's ghost is moderately damaged.
Fispok69's ghost wails.
Fispok69's ghost hits you.
* * * LOW HITPOINT WARNING * * *
You closely miss fispok69's ghost.
Fispok69's ghost is moderately damaged.
The crimson imp blinks!
You slash fispok69's ghost!
Fispok69's ghost is heavily damaged.
Fispok69's ghost hits you.
* * * LOW HITPOINT WARNING * * *
You are electrocuted!
You die...

# #. #####....#
#.#. #........#
###'#'####
#.######'#
#........# #...<#
...
#._......#####..#
....
#........'....[.#
....
#........###...##
... #..5..§..#
#....... ...
...%...@W#
#######..
.....####§......
..... '######
..(. .. ### ...
.... ..... ......


You could see fispok69's ghost and a crimson imp.

Vanquished Creatures
  Pikel (D:5)
  The ghost of robotcentaur the Grasshopper, an amateur GnWr (D:4)
  2 slaves (D:4)
  A necrophage (D:5)
  A phantom (D:5)
  A black bear (D:6)
  2 ogres (D:4)
  A gnoll sergeant (D:4)
  2 orc wizards (D:4)
  2 orc priests
  A gnoll shaman (D:4)
  2 hounds (D:5)
  Terence (D:2)
  8 adders
  7 gnolls
  An ooze (D:2)
  An adder skeleton (D:5)
  6 worms
  2 leopard geckos
  10 orcs
  3 ball pythons
  5 giant cockroaches
  9 goblins
  5 hobgoblins
  5 jackals
  6 kobolds
  9 bats
  5 frilled lizards
  11 rats
111 creatures vanquished.

Notes
Turn   | Place    | Note
-------+----------+-------------------------------------------
     0 | D:1      | Fortress the Troll Fighter began the quest for the Orb.
     0 | D:1      | Reached XP level 1. HP: 22/22 MP: 0/0
   131 | D:2      | Noticed Terence
   179 | D:1      | Reached XP level 2. HP: 29/29 MP: 1/1
   418 | D:1      | Reached skill level 2 in Axes
   955 | D:2      | Reached XP level 3. HP: 36/36 MP: 2/2
  1211 | D:3      | Reached XP level 4. HP: 37/44 MP: 3/3
  1444 | D:2      | Found a sparkling altar of Nemelex Xobeh.
  1996 | D:2      | Killed Terence
  1996 | D:2      | Reached XP level 5. HP: 35/52 MP: 4/4
  2118 | D:2      | Reached skill level 3 in Axes
  2828 | D:4      | Noticed robotcentaur's ghost (amateur GnWr)
  2912 | D:4      | Noticed an ogre
  2917 | D:4      | Killed an ogre
  2917 | D:4      | Reached XP level 6. HP: 8/61 MP: 5/5
  3018 | D:5      | Entered Level 5 of the Dungeon
  3076 | D:4      | Reached skill level 4 in Axes
  3220 | D:4      | Reached XP level 7. HP: 61/67 MP: 6/6
  3295 | D:4      | Found a shadowy altar of Dithmenos.
  4058 | D:4      | Killed robotcentaur's ghost
  4193 | D:6      | Reached skill level 5 in Axes
  4223 | D:5      | Found a bloodstained altar of Trog.
  4276 | D:5      | Reached XP level 8. HP: 73/78 MP: 7/7
  4381 | D:5      | Found a glowing silver altar of Zin.
  4385 | D:5      | Noticed Pikel
  4385 | D:5      | Noticed fispok69's ghost (novice GnWn)
  4399 | D:5      | Killed Pikel
  4399 | D:5      | Reached skill level 6 in Axes
  4411 | D:5      | HP: 3/78 [adder skeleton (3)]
  4426 | D:5      | Slain by fispok69's ghost

Skill      XL: |  1  2  3  4  5  6  7  8 |
---------------+-------------------------+-----
Axes           | 2 3 4 5 6 |  6.0
Shields        | 3 4 |  4.7
Dodging        | 3 4 |  4.6
Fighting       | 3 4 |  4.0

Action                   |  1- 3 |  4- 6 |  7- 9 || total
-------------------------+-------+-------+-------++-------
Melee: War axe           |   137 |   185 |   187 ||   509
  Use: Scroll            |       |     9 |       ||     9
       Potion            |       |     2 |     5 ||     7
 Stab: Sleeping          |     1 |       |       ||     1
       Confused          |       |       |     1 ||     1
  Eat: Chunk             |    16 |    18 |    14 ||    48
Armor: Robe              |    54 |    50 |    55 ||   159
Dodge: Dodged            |    59 |    68 |    71 ||   198
Block: Shield            |    96 |   105 |    81 ||   282
